 Dungeon Crawl Stone Soup version 0.26.0-10-g1f06aea511 (webtiles) character file.

Game seed: 4128953673686745518

74 xeno23 the Chiller (level 4, -4/33 HPs)
             Began as a Barachi Ice Elementalist on Jan 24, 2021.
             Killed from afar by Sigmund (6 damage)
             ... with a puff of flame
             ... on level 2 of the Dungeon.
             The game lasted 00:13:17 (1079 turns).

xeno23 the Chiller (Barachi Ice Elementalist)       Turns: 1079, Time: 00:13:17

Health: -4/33      AC:  3    Str: 10    XL:     4   Next: 28%
Magic:  7/7        EV: 13    Int: 12    God:
Gold:   34         SH:  0    Dex: 12    Spells: 0/8 levels left

rFire    . . .     SeeInvis .   d - +0 spear
rCold    . . .     Faith    .   (no shield)
rNeg     . . .     Spirit   .   a - +0 robe
rPois    .         Reflect  .   (no helmet)
rElec    .         Harm     .   (no cloak)
rCorr    .         Rampage  .   m - +0 pair of gloves
Will     .....                  (no boots)
Stlth    ..........             (no amulet)
HPRegen  0.11/turn              e - ring of attention (curse)
MPRegen  0.10/turn              k - -4 ring of intelligence (curse)

@: confused, can't hop, slow
A: +LOS, swims, slowness 1, strong legs 1
a: Hop


You were on level 2 of the Dungeon.
You visited 1 branch of the dungeon, and saw 2 of its levels.

You collected 34 gold pieces.

Inventory:

Hand Weapons
 d - a +0 spear (weapon)
Missiles
 g - 11 poisoned darts
 i - 2 javelins (quivered)
Armour
 a - a +0 robe (worn)
 m - a +0 pair of gloves (worn)
Jewellery
 e - a cursed ring of attention (left hand)
 k - a cursed -4 ring of intelligence (right hand)
Scrolls
 b - a scroll of teleportation {unknown}
 c - a scroll of identify {unknown}
 f - 2 scrolls of fear {unknown}
 h - a scroll of enchant weapon {unknown}
Potions
 j - a potion of curing {unknown}
 l - a potion of lignification {unknown}
 n - a potion of magic {unknown}


   Skills:
 + Level 1.9 Fighting
 + Level 2.9 Dodging
 + Level 2.2 Stealth
 + Level 2.5 Spellcasting
 + Level 5.5 Ice Magic


You couldn't memorise any spells.
You knew the following spells:

 Your Spells              Type           Power        Failure   Level
a - Freeze                Ice            56%          2%          1
b - Frozen Ramparts       Ice            28%          8%          3
c - Hailstorm             Conj/Ice       8%           63%         4

Your spell library contained the following spells:

 Spells                   Type           Power        Failure   Level
 Ozocubu's Armour         Ice            14%          8%          3
 Summon Ice Beast         Ice/Summ       8%           63%         4


Dungeon Overview and Level Annotations

Branches:
Dungeon (2/15)

Altars:

Annotations:
D:2 Sigmund


Innate Abilities, Weirdness & Mutations

You can be seen from farther away. (+LOS)
You can swim through water.
You cover ground slowly.
You can hop short distances.


Message History

Sigmund shouts!
A frilled lizard comes into view.
The frilled lizard hisses angrily.
Sigmund hits you with a +0 scythe!
Found an escape hatch in the floor.
You take 11 damage.
Sigmund hits you from afar with a +0 scythe!
* * * LOW HITPOINT WARNING * * *
You take 16 damage.
Sigmund gestures at you while chanting.
You are confused.
Okay, then.
Unknown command.
Sigmund points at you and mumbles some strange words.
The magic dart hits you.
* * * LOW HITPOINT WARNING * * *
There is a stone staircase leading up, spattered with blood here.
You take 4 damage.
Sigmund casts a spell at you. The puff of flame hits you.
You die...

#..
####l#.#.###
#...........
#l##@#.#.###
#@# #.. #.#
#.# #.# .#
####.####.#
#...@.....#
#.##.####.#
#.##.#
#.##.#
#.##.#
###.##.#
#...##..
#.###### ##
#.#


You could see Sigmund and a frilled lizard.

Vanquished Creatures
  4 adders (D:2)
  A leopard gecko (D:2)
  4 bats
  A giant cockroach (D:1)
  5 hobgoblins
  6 jackals
  4 kobolds (D:1)
  3 frilled lizards (D:1)
  3 goblins
  7 rats
38 creatures vanquished.

Notes
Turn   | Place    | Note
-------+----------+-------------------------------------------
     0 | D:1      | xeno23 the Barachi Ice Elementalist began the quest for the
                  | Orb.
     0 | D:1      | Reached XP level 1. HP: 13/13 MP: 3/3
     2 | D:1      | Noticed a spriggan
     2 | D:1      | Noticed an elf
     4 | D:1      | Noticed a dwarf
     4 | D:1      | Noticed a halfling
     6 | D:1      | Noticed a vine stalker
     6 | D:1      | Noticed a minotaur
     8 | D:1      | Noticed a demonspawn
     8 | D:1      | Noticed an ogre
    10 | D:1      | Noticed a troll
    12 | D:1      | Noticed a centaur
    14 | D:1      | Noticed a naga
    14 | D:1      | Noticed a draconian
    18 | D:1      | Noticed a formicid
    20 | D:1      | Noticed a gargoyle
    20 | D:1      | Noticed a felid
    22 | D:1      | Noticed a human
    22 | D:1      | Noticed an octopode
    24 | D:1      | Noticed a vampire
    24 | D:1      | Noticed a merfolk
    26 | D:1      | Noticed a demigod
    28 | D:1      | Noticed a ghoul
    28 | D:1      | Noticed a tengu
    68 | D:1      | Reached skill level 5 in Ice Magic
   109 | D:1      | Reached XP level 2. HP: 7/19 MP: 1/5
   259 | D:1      | You fall into a shaft and drop 1 floor!
   261 | D:2      | Noticed an ice beast
   564 | D:1      | Reached skill level 1 in Fighting
   742 | D:2      | Reached XP level 3. HP: 19/26 MP: 6/6
   861 | D:2      | Reached XP level 4. HP: 28/33 MP: 4/7
   866 | D:2      | Learned a level 3 spell: Frozen Ramparts
   871 | D:2      | Learned a level 4 spell: Hailstorm
  1070 | D:2      | Noticed Sigmund
  1079 | D:2      | Killed from afar by Sigmund

Illustrated notes

Levels and vault maps discovered:
D:1:      kb_arrival_jail, layout_rooms
D:2:      wad_pebble_path, layout_loops_ring, lemuel_coloured_pillars_altar,
          grunt_ministairs_9, uniq_jessica, uniq_sigmund

Skill      XL: |  1  2  3 |
---------------+----------+-----
Ice Magic      | 5 |  5.5
Fighting       | 1 |  1.9
Stealth        | 2 |  2.2
Dodging        | |  2.9
Spellcasting   | |  2.5

Action                   |  1- 3 |  4- 6 || total
-------------------------+-------+-------++-------
Melee: Unarmed           |    17 |       ||    17
       Club              |    12 |       ||    12
       Spear             |    55 |     5 ||    60
Throw: Javelin           |     3 |     7 ||    10
 Cast: Freeze            |    32 |     3 ||    35
       Frozen Ramparts   |       |     1 ||     1
 Abil: Hop               |       |     1 ||     1
 Stab: Sleeping          |     3 |       ||     3
Armor: Robe              |    23 |     1 ||    24
Dodge: Dodged            |    80 |     2 ||    82
